 Dungeon Crawl Stone Soup version 0.23-a0-151-gf6d1ed2 (webtiles) character file.

207 Amnesiac the Chiller (level 5, -3/35 HPs)
             Began as a Mummy Ice Elementalist on Sept 9, 2018.
             Slain by a hound (5 damage)
             ... on level 4 of the Dungeon.
             The game lasted 00:04:23 (2577 turns).

Amnesiac the Chiller (Mummy Ice Elementalist)       Turns: 2577, Time: 00:04:23

Health: -3/35      AC:  2    Str: 11    XL:     5   Next: 54%
Magic:  2/11       EV: 12    Int: 16    God:
Gold:   52         SH:  0    Dex: 12    Spells: 4/12 levels left

rFire    x . .     SeeInvis +   e - +1 trident (flame)
rCold    + . .     Gourm    .   (no shield)
rNeg     + + +     Faith    .   a - +0 robe
rPois    ∞         Spirit   .   (no helmet)
rElec    .         Reflect  .   (no cloak)
rCorr    .         Harm     .   (no gloves)
MR       .....                  (no boots)
Stlth    +.........             (no amulet)
HPRegen  0.11/turn              b - ring of attention (curse)
MPRegen  0.12/turn              f - ring of see invisible

@: very slightly contaminated
A: no food or potions, fire vulnerability, cold resistance 1, negative energy
resistance 3, torment resistance, unbreathing
a: no special abilities


You were on level 4 of the Dungeon.
You were not hungry.

You visited 1 branch of the dungeon, and saw 4 of its levels.

You collected 52 gold pieces.

Inventory:

Hand Weapons
 c - a +0 hunting sling
 e - a +1 trident of flaming (weapon)
Missiles
 d - 84 stones (quivered)
Armour
 a - a +0 robe (worn)
Jewellery
 b - a cursed ring of attention (left hand)
 f - a ring of see invisible (right hand)
Scrolls
 j - 2 scrolls of enchant weapon {!r}


   Skills:
 - Level 1.5 Dodging
 - Level 1.5 Stealth
 - Level 4.0 Spellcasting
 + Level 2.3 Conjurations
 - Level 4.1 Ice Magic


You had 4 spell levels left.
You knew the following spells:

 Your Spells              Type           Power        Failure   Level  Hunger
a - Freeze                Ice            ###.         3%          1    N/A
d - Throw Icicle          Conj/Ice       ##......     41%         4    N/A
z - Ozocubu's Armour      Chrm/Ice       #.......     22%         3    N/A

Your spell library contained the following spells:

 Spells                   Type           Power        Failure   Level  Hunger
 Throw Frost              Conj/Ice       ##....       7%          2    N/A
 Summon Ice Beast         Ice/Summ       #.......     56%         4    N/A

Dungeon Overview and Level Annotations

Branches:
Dungeon (4/15)
 Temple: D:4-7

Altars:

Annotations:
D:3 exclusion: downstairs


Innate Abilities, Weirdness & Mutations

You do not eat or drink.
Your flesh is vulnerable to fire.
You are immune to poison.
Your flesh is cold resistant. (rC+)
You are immune to negative energy. (rN+++)
You are immune to unholy pain and torment.
You can survive without breathing.


Message History

Attack whom?
Press: ? - help, Dir - move target cursor, f/p - ogre
Aim: an ogre, wielding a giant spiked club (lightly wounded)
The centaur skeleton is in the way.
You hit the centaur skeleton. You burn the centaur skeleton.
The centaur skeleton is heavily damaged.
The centaur skeleton hits you. x2
Attack whom?
Press: ? - help, Dir - move target cursor, f/p - ogre
Aim: an ogre, wielding a giant spiked club (lightly wounded)
You reach to attack!
You hit the ogre. You burn the ogre.
The ogre is moderately wounded.
The centaur skeleton hits you.
* * * LOW HITPOINT WARNING * * *
The centaur skeleton barely misses you.
Attack whom?
Press: ? - help, Dir - move target cursor, f/p - ogre
Aim: an ogre, wielding a giant spiked club (moderately wounded)
The centaur skeleton is in the way.
You puncture the centaur skeleton! You burn the centaur skeleton.
The centaur skeleton is almost destroyed.
The centaur skeleton hits you!
* * * LOW HITPOINT WARNING * * *
Casting: Freeze (safe; 3% risk of failure)
Confirm with . or Enter, or press ? or * to list all spells.
You miscast Ozocubu's Armour.
You are very lightly contaminated with residual magic.
Wisps of condensation drift from your hands.
The centaur skeleton closely misses you.
The centaur skeleton hits you.
* * * LOW HITPOINT WARNING * * *
Okay, then.
You puncture the centaur skeleton! You burn the centaur skeleton.
You destroy the centaur skeleton!
Your Conjurations skill increases to level 2!
The hound stops to sniff the ground.
The hound bites you.
* * * LOW HITPOINT WARNING * * *
Really read
h - a scroll of blinking {!r}?
Blink to where?
Press: ? - help, Dir - move target cursor, p - ogre
As you read the scroll of blinking {!r}, it crumbles to dust.
Casting: Ozocubu's Armour (safe; 22% risk of failure)
Confirm with . or Enter, or press ? or * to list all spells.
Aiming: Throw Icicle (quite dangerous; 41% risk of failure)
Press: ? - help, Shift-Dir - straight line, f - hound
Aim: a hound (translocational energy)
The shard of ice misses the hound.
Unknown command.
Casting: Throw Icicle (quite dangerous; 41% risk of failure)
Confirm with . or Enter, or press ? or * to list all spells.
Aiming: Throw Icicle (quite dangerous; 41% risk of failure)
Press: ? - help, Shift-Dir - straight line, f/p - hound
Aim: a hound
Okay, then.
Casting: Throw Icicle (quite dangerous; 41% risk of failure)
Confirm with . or Enter, or press ? or * to list all spells.
You miscast Ozocubu's Armour.
Nothing appears to happen.
Okay, then.
You barely miss the hound. The hound closely misses you.
The hound barely misses you. The hound bites you but does no damage.
The hound bites you.
You die...

###.########
#.O.h.......
#.#.########
#######.#.###
#.......#...#
#.#########.#
#O# #.# ####
#h# #.# #.O.
#@#########.#
#.##
#...........#
#.#
#############
#.## #...
####


You could see an ogre and a hound.

Vanquished Creatures
  A scorpion (D:4)
  An orc priest (D:4)
  2 centaur skeletons (D:4)
  2 adders (D:3)
  A worm (D:3)
  A dart slug (D:1)
  A leopard gecko (D:3)
  6 orcs
  A giant cockroach (D:2)
  5 goblins
  4 hobgoblins
  5 jackals
  A quokka (D:3)
  A ball python (D:1)
  3 bats
  2 frilled lizards
  2 kobolds (D:3)
  2 rats (D:3)
41 creatures vanquished.

Notes
Turn   | Place    | Note
-------+----------+-------------------------------------------
     0 | D:1      | Amnesiac the Mummy Ice Elementalist began the quest for the
                  | Orb.
     0 | D:1      | Reached XP level 1. HP: 13/13 MP: 4/4
   156 | D:2      | Reached XP level 2. HP: 19/19 MP: 5/5
   983 | D:3      | Reached XP level 3. HP: 24/24 MP: 7/7
   988 | D:3      | Learned a level 3 spell: Ozocubu's Armour
  1620 | D:4      | Reached XP level 4. HP: 16/30 MP: 6/9
  2309 | D:4      | Learned a level 4 spell: Throw Icicle
  2325 | D:4      | Reached skill level 1 in Conjurations
  2325 | D:4      | Reached XP level 5. HP: 30/35 MP: 0/11
  2501 | D:4      | Noticed an ogre
  2570 | D:4      | HP: 1/35 [hound (3)]
  2577 | D:4      | Slain by a hound

Vault maps used:
D:1:      dpeg_arrival_stone_temple_mockup, minmay_misc_feat_more_columns,
          feat_on_display
D:2:      old_standard_altar, lemuel_doored_altar, minmay_misc_feat_rugged,
          uniq_jessica, uniq_natasha, uniq_terence, uniq_robin
D:4:      serial_shops, nicolae_shop_behind_doors

Skill      XL: |  1  2  3  4  5 |
---------------+----------------+-----
Ice Magic      | 3 4 |  4.1
Spellcasting   | 3 4 |  4.0
Conjurations   | 1 2 |  2.3
Dodging        | |  1.5
Stealth        | |  1.5

Action                   |  1- 3 |  4- 6 || total
-------------------------+-------+-------++-------
Melee: Trident           |       |    14 ||    14
 Fire: Hunting sling     |    96 |       ||    96
 Cast: Freeze            |    21 |    14 ||    35
       Ozocubu's Armour  |     1 |     1 ||     2
       Throw Icicle      |       |     1 ||     1
  Use: Scroll            |     2 |     2 ||     4
Armor: Robe              |    15 |     4 ||    19
Dodge: Dodged            |    40 |    21 ||    61

Table legend:
 A = Non-vault XP
 B = Vault XP
 C = Vault XP percentage of total XP
 D = Non-vault monster count
 E = Vault monster count
 F = Vault count percentage of total count
                 A         B        C        D         E       F
            +---------+---------+-------+---------+---------+-------
      Total |     297 |       0 |   0.0 |      41 |       0 |   0.0
            +---------+---------+-------+---------+---------+-------
        D:1 |      10 |       0 |   0.0 |       5 |       0 |   0.0
        D:2 |      13 |       0 |   0.0 |       7 |       0 |   0.0
        D:3 |      71 |       0 |   0.0 |      23 |       0 |   0.0
        D:4 |     203 |       0 |   0.0 |       6 |       0 |   0.0
            +---------+---------+-------+---------+---------+-------
